 Dungeon Crawl Stone Soup version 0.27.0-1-g7a089689b8 (webtiles) character file.

Game seed: 14342858629959108515

36 Revguard the Conjurer (level 3, 0/20 HPs)
             Began as a Deep Elf Conjurer on Aug 9, 2021.
             Slain by an adder (2 damage)
             ... on level 2 of the Dungeon.
             The game lasted 00:04:36 (1741 turns).

Revguard the Conjurer (Deep Elf Conjurer)           Turns: 1741, Time: 00:04:36

Health: 0/20       AC:  2    Str:  4    XL:     3   Next: 19%
Magic:  10/10      EV: 13    Int: 22    God:
Gold:   50         SH:  0    Dex: 14    Spells: 3/9 levels left

rFire    . . .     SeeInvis .   d - +0 dagger
rCold    . . .     Faith    .   (no shield)
rNeg     . . .     Spirit   .   a - +0 robe
rPois    .         Reflect  .   (no helmet)
rElec    .         Harm     .   (no cloak)
rCorr    .         Rampage  .   (no gloves)
Will     .....                  (no boots)
Stlth    ++........             (no amulet)
HPRegen  0.06/turn              (no ring)
MPRegen  0.12/turn              (no ring)

@: lethally poisoned (0 -> -5)
A: no striking features
a: no special abilities


You were on level 2 of the Dungeon.
You visited 1 branch of the dungeon, and saw 2 of its levels.

You collected 50 gold pieces.

Inventory:

Hand Weapons
 d - a +0 dagger (weapon)
Armour
 a - a +0 robe (worn)
Jewellery
 c - an amulet of faith
Scrolls
 b - a scroll of teleportation {unknown}
Potions
 e - a potion of curing {unknown}
 f - a potion of resistance {unknown}


   Skills:
 + Level 0.8 Fighting
 + Level 0.2 Short Blades
 + Level 2.9 Dodging
 + Level 3.0 Stealth
 + Level 3.5 Spellcasting
 + Level 4.6 Conjurations


You had 3 spell levels left.
You knew the following spells:

 Your Spells              Type           Power      Damage    Failure   Level
a - Magic Dart            Conj           96%        1d7       1%          1
b - Searing Ray           Conj           48%        3d5       2%          2
c - Dazzling Flash        Conj/Hex       28%        N/A       14%         3

Your spell library contained the following spells:

 Spells                   Type           Power      Damage    Failure   Level
 Fulminant Prism          Conj/Hex       7%         3d7       41%         4
 Iskenderun's Mystic Bla  Conj/Tloc      14%        2d5       41%         4


Dungeon Overview and Level Annotations

Branches:
Dungeon (2/15)

Altars:
Hepliaklqana


Message History

There is a stone staircase leading up here.
You now have 50 gold pieces (gained 5).
f - a fizzy brown potion
Found a trident.
This spell is extremely dangerous to cast!
Memorise Dazzling Flash, consuming 3 spell levels and leaving 3?
You start memorising the spell.
You continue memorising. x3
You finish memorising.
Spell assigned to 'c'.
Found a long sword.
Found a hazy altar of Hepliaklqana.
You open the door.
There is an open door here.
An adder comes into view.
The adder hisses angrily.
You hit the adder but do no damage. The adder bites you.
You hit the adder.
The adder is lightly wounded.
The adder barely misses you.
You hit the adder.
The adder is moderately wounded.
The adder barely misses you. The adder bites you.
You are poisoned.
The adder poisons you!
You miss the adder.
The adder is moderately wounded.
You feel sick. The adder barely misses you.
You closely miss the adder.
The adder is moderately wounded.
You feel sick. The adder bites you.
You completely miss the adder.
The adder is moderately wounded.
You feel sick. The adder barely misses you. The adder bites you.
* * * LOW HITPOINT WARNING * * *
You are lethally poisoned!
The adder poisons you!
You closely miss the adder.
The adder is moderately wounded.
* * * LOW HITPOINT WARNING * * *
You feel sick. The adder bites you.
You die...

#. ###### ...
#....# ##.####....#
#.............##
##..............+
...#.###..##'####
#................#
#.........##.###.#
#....._...##.# #@#
#.........##.# #S#
#..).........# #.#
#.....)..#######..
#........# .......
#........#........#
###...............#
#####.##........#
#.# #####


You could see an adder.

Vanquished Creatures
  3 dart slugs (D:1)
  A ball python (D:1)
  2 endoplasms (D:1)
  A giant cockroach (D:1)
  A goblin (D:1)
  3 hobgoblins (D:1)
  4 jackals (D:2)
  3 quokkas (D:1)
  4 bats
  2 frilled lizards (D:1)
  2 rats (D:1)
26 creatures vanquished.

Notes
Turn   | Place    | Note
-------+----------+-------------------------------------------
     0 | D:1      | Revguard the Deep Elf Conjurer began the quest for the Orb.
     0 | D:1      | Reached XP level 1. HP: 10/10 MP: 6/6
   316 | D:1      | Reached XP level 2. HP: 16/16 MP: 6/8
   319 | D:1      | Learned a level 2 spell: Searing Ray
  1323 | D:1      | Reached XP level 3. HP: 16/20 MP: 4/9
  1711 | D:2      | Learned a level 3 spell: Dazzling Flash
  1713 | D:2      | Found a hazy altar of Hepliaklqana.
  1741 | D:2      | Slain by an adder

Illustrated notes

Levels and vault maps discovered:
D:1:      dpeg_arrival_circle_labyrinth_a, layout_loops_corners, serial_glass,
          glass_columns_b, glass_columns_c
D:2:      layout_basic, basic_altar, minmay_cut_off, uniq_robin,
          uniq_crazy_yiuf_cottage

Skill      XL: |  1  2  3 |
---------------+----------+-----
Stealth        | 3 |  3.0
Fighting       | |  0.8
Short Blades   | |  0.2
Dodging        | |  2.9
Spellcasting   | |  3.5
Conjurations   | |  4.6

Action                   || total
-------------------------++-------
Melee: Dagger            ||    10
 Cast: Magic Dart        ||    26
       Searing Ray       ||    13
Armor: Robe              ||     5
Dodge: Dodged            ||    17
